[ AOE2 MATCH · #506815627 ]
UnrankedArmenians vs Franks
Player's team · WIN
Rival team · LOSS
[ REPLAY ANALYSIS · EXTRACTED FROM THE RECORDED GAME ]
Feudal
11:21
Castle
19:44
Imperial
—
| APM avg | 36.6 |
| APM peak | 78 |
| eAPM avg | 21.6 |
| Villagers / military | 104 / 58 |
Focus
⚔️ 41.0% · 🌾 59.0%
Knight ×27 · Archer ×20 · Militia ×4 · Battering Ram ×3 · Monk ×2 · Spearman ×2
Feudal
8:51
Castle
20:45
Imperial
—
| APM avg | 69.4 |
| APM peak | 111 |
| eAPM avg | 36.2 |
| Villagers / military | 101 / 36 |
Focus
⚔️ 52.5% · 🌾 47.5%
Skirmisher ×19 · Scout Cavalry ×7 · Knight ×3 · Mangonel ×3 · Monk ×2 · Archer ×1
Match map
Initial resources + every placement click. Lines = walls · curves = elevation contours. ◆ gold · ⬟ stone · ● berries · ✦ relic · ◌ wall gap
Your base· ✓ Closed at 19:44 · 69t walls · no gate
fourloko's base· Open — opponent sealed themselves in
Smoothed initial terrain · ◌ = detected wall gap · hover for details
Inputs per minute
— [ASYNC]GodsPrisoner - - fourloko
Build order — [ASYNC]GodsPrisoner
First 150 of 304 actions detected
| 0:01 | Queue | Villager (Male) |
| 0:02 | Build | House |
| 0:03 | Build | House |
| 0:13 | Queue | Villager (Male) |
| 0:13 | Queue | Villager (Male) |
| 0:13 | Queue | Villager (Male) |
| 1:28 | Queue | Villager (Male) |
| 1:54 | Queue | Villager (Male) |
| 2:13 | Build | Mule Cart |
| 2:22 | Queue | Villager (Male) |
| 2:51 | Queue | Villager (Male) |
| 3:08 | Queue | Villager (Male) |
| 3:30 | Queue | Villager (Male) |
| 3:51 | Queue | Villager (Male) |
| 3:59 | Build | House |
| 4:18 | Build | Barracks |
| 4:26 | Queue | Villager (Male) |
| 4:42 | Build | House |
| 4:45 | Queue | Villager (Male) |
| 5:16 | Queue | Villager (Male) |
| 5:21 | Queue | Militia |
| 5:38 | Queue | Militia |
| 5:39 | Queue | Villager (Male) |
| 5:57 | Queue | Villager (Male) |
| 6:15 | Build | Mill |
| 6:20 | Queue | Villager (Male) |
| 6:31 | Build | House |
| 6:44 | Build | Palisade Wall |
| 6:50 | Queue | Villager (Male) |
| 7:03 | Build | Palisade Wall |
| 7:05 | Build | Palisade Wall |
| 7:07 | Queue | Villager (Male) |
| 7:11 | Build | Palisade Wall |
| 7:21 | Queue | Villager (Male) |
| 7:30 | Queue | Villager (Male) |
| 7:33 | Queue | Villager (Male) |
| 7:50 | Build | Palisade Wall |
| 7:53 | Build | Palisade Wall |
| 7:55 | Build | Palisade Wall |
| 7:57 | Queue | Villager (Male) |
| 7:59 | Build | Palisade Wall |
| 8:36 | Research | Loom |
| 8:43 | Build | Palisade Wall |
| 8:44 | Research | Feudal Age |
| 8:53 | Build | Mule Cart |
| 9:35 | Queue | Militia |
| 9:59 | Queue | Militia |
| 10:16 | Build | House |
| 11:16 | Queue | Villager (Male) |
| 11:21 | Age | Feudal Age |
| 11:23 | Research | Double-Bit Axe |
| 11:24 | Research | Man-at-Arms (upgrade) |
| 11:33 | Build | Farm |
| 11:33 | Queue | Villager (Male) |
| 11:39 | Build | Farm |
| 11:40 | Build | Farm |
| 11:41 | Build | Farm |
| 11:59 | Build | Farm |
| 12:06 | Build | Archery Range |
| 12:08 | Queue | Spearman |
| 12:16 | Queue | Villager (Male) |
| 12:25 | Build | Farm |
| 12:37 | Build | Farm |
| 12:38 | Queue | Villager (Male) |
| 12:41 | Build | House |
| 12:42 | Build | House |
| 12:54 | Queue | Villager (Male) |
| 13:04 | Build | Farm |
| 13:05 | Queue | Archer |
| 13:05 | Queue | Archer |
| 13:12 | Build | House |
| 13:25 | Queue | Villager (Male) |
| 13:30 | Build | Farm |
| 13:47 | Build | House |
| 13:48 | Queue | Villager (Male) |
| 13:51 | Queue | Archer |
| 13:54 | Queue | Villager (Male) |
| 14:06 | Queue | Villager (Male) |
| 14:12 | Queue | Archer |
| 14:19 | Queue | Archer |
| 14:30 | Research | Long Swordsman (upgrade) |
| 14:34 | Build | House |
| 14:42 | Build | Blacksmith |
| 14:46 | Queue | Villager (Male) |
| 15:03 | Build | House |
| 15:04 | Queue | Villager (Male) |
| 15:05 | Queue | Archer |
| 15:20 | Build | Farm |
| 15:23 | Build | Farm |
| 15:25 | Build | Palisade Wall |
| 15:26 | Build | Palisade Wall |
| 15:28 | Build | Palisade Wall |
| 15:28 | Build | Palisade Wall |
| 15:29 | Build | Palisade Wall |
| 15:30 | Build | House |
| 15:37 | Queue | Villager (Male) |
| 15:38 | Queue | Archer |
| 15:42 | Build | Farm |
| 15:59 | Queue | Villager (Male) |
| 16:00 | Queue | Archer |
| 16:26 | Queue | Villager (Male) |
| 16:48 | Queue | Archer |
| 16:51 | Build | House |
| 16:52 | Build | House |
| 16:53 | Build | House |
| 16:54 | Build | House |
| 17:04 | Research | Castle Age |
| 17:10 | Build | House |
| 17:25 | Build | House |
| 17:31 | Queue | Archer |
| 17:34 | Research | Gold Mining |
| 17:48 | Build | House |
| 17:54 | Queue | Archer |
| 18:02 | Build | House |
| 18:30 | Queue | Archer |
| 18:33 | Research | Fletching |
| 18:34 | Research | Padded Archer Armor |
| 18:39 | Build | Farm |
| 18:40 | Build | Farm |
| 18:41 | Build | House |
| 18:43 | Build | House |
| 18:44 | Build | House |
| 18:45 | Build | House |
| 18:46 | Build | Palisade Wall |
| 18:47 | Build | Palisade Wall |
| 18:47 | Build | Palisade Wall |
| 19:06 | Queue | Archer |
| 19:15 | Queue | Spearman |
| 19:24 | Build | Palisade Wall |
| 19:44 | Age | Castle Age |
| 19:46 | Research | Crossbowman (upgrade) |
| 19:47 | Research | Bow Saw |
| 19:53 | Build | Palisade Wall |
| 19:53 | Build | Palisade Wall |
| 19:55 | Build | Palisade Wall |
| 19:55 | Build | Palisade Wall |
| 19:57 | Queue | Villager (Male) |
| 19:59 | Build | Town Center |
| 20:04 | Build | Palisade Gate |
| 20:10 | Queue | Villager (Male) |
| 20:29 | Queue | Villager (Male) |
| 20:33 | Build | Farm |
| 20:35 | Build | Farm |
| 20:42 | Queue | Villager (Male) |
| 20:46 | Build | Farm |
| 20:55 | Build | Farm |
| 20:55 | Queue | Villager (Male) |
| 20:59 | Queue | Villager (Male) |
| 21:05 | Build | Farm |
| 21:07 | Queue | Villager (Male) |
Build order — fourloko
First 150 of 265 actions detected
| 0:00 | Queue | Villager (Male) ×4 |
| 0:03 | Build | House |
| 0:04 | Build | House |
| 1:30 | Queue | Villager (Male) |
| 1:54 | Queue | Villager (Male) |
| 1:56 | Build | Lumber Camp |
| 2:24 | Queue | Villager (Male) |
| 2:52 | Queue | Villager (Male) |
| 2:53 | Queue | Villager (Male) |
| 3:36 | Queue | Villager (Male) |
| 3:51 | Queue | Villager (Male) |
| 3:53 | Build | House |
| 4:17 | Queue | Villager (Male) |
| 4:17 | Queue | Villager (Male) |
| 4:23 | Build | Mill |
| 4:25 | Queue | Villager (Male) |
| 4:38 | Queue | Villager (Male) |
| 5:04 | Research | Loom |
| 6:35 | Research | Feudal Age |
| 7:18 | Queue | Villager (Male) |
| 7:53 | Build | Barracks |
| 8:24 | Build | Palisade Wall |
| 8:32 | Build | Palisade Wall |
| 8:40 | Build | House |
| 8:51 | Age | Feudal Age |
| 8:53 | Research | Double-Bit Axe |
| 8:55 | Queue | Spearman |
| 9:03 | Queue | Villager (Male) |
| 9:12 | Queue | Villager (Male) |
| 9:29 | Build | Stable |
| 9:30 | Queue | Villager (Male) |
| 9:50 | Build | Farm |
| 10:02 | Build | Palisade Wall |
| 10:12 | Build | House |
| 10:16 | Queue | Scout Cavalry |
| 10:17 | Queue | Scout Cavalry |
| 10:23 | Build | Farm |
| 10:23 | Queue | Villager (Male) |
| 10:25 | Build | Farm |
| 10:33 | Build | Farm |
| 10:36 | Build | House |
| 10:38 | Build | Palisade Wall |
| 10:51 | Queue | Scout Cavalry |
| 11:07 | Build | Farm |
| 11:09 | Queue | Villager (Male) |
| 11:11 | Queue | Villager (Male) |
| 11:11 | Queue | Villager (Male) |
| 11:13 | Build | Farm |
| 11:20 | Build | House |
| 11:58 | Queue | Scout Cavalry |
| 12:06 | Build | House |
| 12:11 | Build | House |
| 12:15 | Queue | Villager (Male) |
| 12:16 | Queue | Villager (Male) |
| 12:23 | Build | Farm |
| 12:33 | Queue | Scout Cavalry |
| 12:42 | Queue | Villager (Male) |
| 12:46 | Build | Archery Range |
| 12:53 | Build | Palisade Wall |
| 13:12 | Build | Farm |
| 13:20 | Build | House |
| 13:23 | Queue | Villager (Male) |
| 13:24 | Build | Farm |
| 13:35 | Build | Farm |
| 13:43 | Queue | Villager (Male) |
| 13:48 | Queue | Archer |
| 13:54 | Build | Palisade Wall |
| 13:55 | Build | Palisade Wall |
| 13:57 | Build | Palisade Wall |
| 14:07 | Queue | Scout Cavalry |
| 14:12 | Queue | Scout Cavalry |
| 14:16 | Queue | Villager (Male) |
| 14:17 | Build | Palisade Wall |
| 14:18 | Build | Palisade Wall |
| 14:22 | Queue | Villager (Male) |
| 14:23 | Build | Farm |
| 14:32 | Queue | Villager (Male) |
| 15:09 | Queue | Villager (Male) |
| 15:20 | Build | House |
| 15:25 | Build | Mining Camp |
| 15:30 | Build | Market |
| 15:34 | Queue | Skirmisher |
| 15:34 | Queue | Skirmisher |
| 15:48 | Build | House |
| 15:54 | Queue | Villager (Male) |
| 15:55 | Build | Farm |
| 16:07 | Build | Farm |
| 16:09 | Queue | Villager (Male) |
| 16:13 | Build | Farm |
| 16:15 | Build | House |
| 16:25 | Build | Palisade Wall |
| 16:39 | Queue | Villager (Male) |
| 16:47 | Build | Blacksmith |
| 17:02 | Queue | Villager (Male) |
| 17:26 | Build | Palisade Wall |
| 17:39 | Queue | Villager (Male) |
| 17:48 | Build | House |
| 17:52 | Build | House |
| 18:04 | Research | Castle Age |
| 18:07 | Queue | Skirmisher |
| 18:10 | Queue | Skirmisher |
| 18:41 | Research | Fletching |
| 18:47 | Build | House |
| 18:48 | Build | House |
| 18:50 | Build | House |
| 18:51 | Build | House |
| 18:54 | Queue | Skirmisher |
| 19:03 | Research | Padded Archer Armor |
| 19:19 | Queue | Skirmisher |
| 19:23 | Build | House |
| 19:41 | Queue | Skirmisher |
| 19:42 | Research | Scale Barding Armor |
| 19:46 | Queue | Villager (Male) |
| 20:33 | Queue | Skirmisher |
| 20:45 | Age | Castle Age |
| 20:50 | Research | Bodkin Arrow |
| 20:51 | Queue | Knight |
| 20:58 | Queue | Villager (Male) |
| 21:18 | Build | Town Center |
| 21:25 | Research | Elite Skirmisher (upgrade) |
| 21:26 | Research | Leather Archer Armor |
| 21:37 | Queue | Villager (Male) |
| 21:59 | Research | Town Watch |
| 22:12 | Queue | Villager (Male) |
| 22:38 | Build | Siege Workshop |
| 22:40 | Queue | Villager (Male) |
| 22:41 | Queue | Villager (Male) |
| 22:43 | Build | Farm |
| 22:44 | Build | Farm |
| 22:49 | Build | Farm |
| 22:56 | Queue | Villager (Male) |
| 22:56 | Queue | Villager (Male) |
| 23:08 | Queue | Villager (Male) |
| 23:22 | Queue | Villager (Male) |
| 23:36 | Queue | Villager (Male) |
| 23:44 | Build | Town Center |
| 23:51 | Queue | Villager (Male) |
| 23:56 | Queue | Villager (Male) |
| 24:00 | Queue | Villager (Male) |
| 24:03 | Build | Farm |
| 24:06 | Build | Farm |
| 24:07 | Build | Farm |
| 24:09 | Build | Farm |
| 24:15 | Queue | Skirmisher |
| 24:15 | Queue | Skirmisher |
| 24:27 | Queue | Villager (Male) |
| 24:38 | Build | Farm |
| 24:39 | Queue | Villager (Male) |
| 24:41 | Build | Farm |
| 24:42 | Build | Farm |
Match timeline
| 4:18 | [ASYNC]GodsPrisoner · first_building Barracks |
| 6:44 | [ASYNC]GodsPrisoner · wall_segment Palisade Wall x7 |
| 7:03 | [ASYNC]GodsPrisoner · wall_segment Palisade Wall x4 |
| 7:05 | [ASYNC]GodsPrisoner · wall_segment Palisade Wall x1 |
| 7:11 | [ASYNC]GodsPrisoner · wall_segment Palisade Wall x5 |
| 7:50 | [ASYNC]GodsPrisoner · wall_segment Palisade Wall x1 |
| 7:53 | [ASYNC]GodsPrisoner · wall_segment Palisade Wall x19 |
| 7:53 | fourloko · first_building Barracks |
| 7:55 | [ASYNC]GodsPrisoner · wall_segment Palisade Wall x1 |
| 7:59 | [ASYNC]GodsPrisoner · wall_segment Palisade Wall x15 |
| 8:24 | fourloko · wall_segment Palisade Wall x1 |
| 8:32 | fourloko · wall_segment Palisade Wall x1 |
| 8:43 | [ASYNC]GodsPrisoner · wall_segment Palisade Wall x11 |
| 8:51 | fourloko · age_up feudal |
| 9:29 | fourloko · first_building Stable |
| 10:02 | fourloko · wall_segment Palisade Wall x7 |
| 10:38 | fourloko · wall_segment Palisade Wall x1 |
| 11:21 | [ASYNC]GodsPrisoner · age_up feudal |
| 12:06 | [ASYNC]GodsPrisoner · first_building Archery Range |
| 12:46 | fourloko · first_building Archery Range |
| 12:53 | fourloko · wall_segment Palisade Wall x9 |
| 13:54 | fourloko · wall_segment Palisade Wall x1 |
| 13:55 | fourloko · wall_segment Palisade Wall x1 |
| 13:57 | fourloko · wall_segment Palisade Wall x1 |
| 14:17 | fourloko · wall_segment Palisade Wall x1 |
| 14:18 | fourloko · wall_segment Palisade Wall x1 |
| 15:25 | [ASYNC]GodsPrisoner · wall_segment Palisade Wall x1 |
| 15:26 | [ASYNC]GodsPrisoner · wall_segment Palisade Wall x1 |
| 15:28 | [ASYNC]GodsPrisoner · wall_segment Palisade Wall x1 |
| 15:28 | [ASYNC]GodsPrisoner · wall_segment Palisade Wall x1 |
| 15:29 | [ASYNC]GodsPrisoner · wall_segment Palisade Wall x1 |
| 16:25 | fourloko · wall_segment Palisade Wall x6 |
| 17:26 | fourloko · wall_segment Palisade Wall x1 |
| 18:46 | [ASYNC]GodsPrisoner · wall_segment Palisade Wall x1 |
| 18:47 | [ASYNC]GodsPrisoner · wall_segment Palisade Wall x1 |
| 18:47 | [ASYNC]GodsPrisoner · wall_segment Palisade Wall x1 |
| 19:24 | [ASYNC]GodsPrisoner · wall_segment Palisade Wall x1 |
| 19:44 | [ASYNC]GodsPrisoner · age_up castle |
| 19:53 | [ASYNC]GodsPrisoner · wall_segment Palisade Wall x1 |
| 19:53 | [ASYNC]GodsPrisoner · wall_segment Palisade Wall x1 |
| 19:55 | [ASYNC]GodsPrisoner · wall_segment Palisade Wall x1 |
| 19:55 | [ASYNC]GodsPrisoner · wall_segment Palisade Wall x1 |
| 20:45 | fourloko · age_up castle |
| 22:02 | [ASYNC]GodsPrisoner · first_building Monastery |
| 22:38 | fourloko · first_building Siege Workshop |
| 22:55 | fourloko · first_market_buy 100 food |
| 24:03 | [ASYNC]GodsPrisoner · first_building Stable |
| 24:53 | fourloko · first_building Monastery |
| 27:54 | [ASYNC]GodsPrisoner · first_market_sell 500 wood |
| 28:27 | fourloko · wall_segment Stone Wall x1 |
| 29:26 | [ASYNC]GodsPrisoner · first_building Castle |
| 31:01 | [ASYNC]GodsPrisoner · first_building Siege Workshop |
| 31:21 | [ASYNC]GodsPrisoner · first_market_buy 100 food |
| 32:18 | fourloko · resign |
[ AI ANALYSIS · 1 CREDIT ]
What really happened in this match?
Wolo.gg analyzes every decision: build order, eco, micro, common mistakes by bracket. Personalized analysis on WhatsApp or Discord in 30 seconds.
Civ guide
Armenians
Perfil
Jugador #2420511